 Dungeon Crawl Stone Soup version 0.31.0-9-g3a7656b989 (webtiles) character file.

Game seed: 514184937051697222

42 qw the Shooter (level 3, -3/20 HPs)
             Began as a Deep Elf Hunter on Feb 2, 2024.
             Succumbed to an adder's poison
             ... on level 2 of the Dungeon.
             The game lasted 00:00:03 (951 turns).

qw the Shooter (Deep Elf Hunter)                     Turns: 951, Time: 00:00:03

Health: -3/20      AC:  5    Str: 10    XL:     3   Next: 35%
Magic:  5/5        EV: 11    Int: 13    God:
Gold:   77         SH:  0    Dex: 18    Spells: 2/2 levels left

rFire   . . .        a - +0 shortbow
rCold   . . .        (shield currently unavailable)
rNeg    . . .        i - +0 ring mail
rPois   .            (no helmet)
rElec   .            (no cloak)
rCorr   .            (no gloves)
SInv    .            (no boots)
Will    .....        (no amulet)
Stlth   +            (no ring)
HPRegen 0.23/turn    (no ring)
MPRegen 0.09/turn

%: no passive effects
@: lethally poisoned (-3 -> -14)
A: no striking features
a: no special abilities


You were on level 2 of the Dungeon.
You visited 1 branch of the dungeon, and saw 2 of its levels.

You collected 77 gold pieces.


   Skills:
 - Level 1.5 Fighting
 + Level 6.9 Ranged Weapons
 - Level 2.4 Dodging
 - Level 1.2 Stealth


You had 2 spell levels left.
You didn't know any spells.
Your spell library was empty.

Inventory:

Hand Weapons
 a - a +0 shortbow (weapon)
Armour
 i - a +0 ring mail (worn)
Potions
 d - a potion of curing
 e - a potion of resistance
 g - a potion of enlightenment {unknown}
 k - a potion of magic {unknown}
 m - a potion of lignification {unknown}

Dungeon Overview and Level Annotations

Branches:
Dungeon (2/15)

Altars:


Message History

The jackal barks! x2
An adder comes into view.
You shoot an arrow. The arrow barely misses the jackal.
The adder hisses angrily.
You shoot an arrow. The arrow hits the jackal.
The jackal is severely wounded.
The jackal bites you but does no damage.
A jackal comes into view.
You shoot an arrow. The arrow hits the jackal!
You kill the jackal!
The jackal bites you.
You shoot an arrow. The arrow barely misses the jackal.
The jackal bites you. x2; The adder bites you.
You are poisoned.
The adder poisons you!
You shoot an arrow. The arrow barely misses the adder.
You feel sick. The jackal barely misses you. The adder barely misses you.
You shoot an arrow. The arrow misses the adder.
You feel sick. The jackal bites you.
The adder bites you but does no damage. x2
You shoot an arrow. The arrow misses the adder.
You feel sick.
You are no longer poisoned.
The adder misses you. The jackal completely misses you. The jackal bites you.
The adder barely misses you.
You shoot an arrow. The arrow hits the adder!
The adder is severely wounded.
The jackal closely misses you.
The jackal bites you but does no damage.
The adder bites you but does no damage. The jackal bites you.
The jackal closely misses you.
You shoot an arrow. The arrow hits the adder.
The adder is almost dead.
The adder bites you.
You are lethally poisoned!
The adder poisons you! The jackal barely misses you. The jackal bites you.
The adder bites you.
You are more poisoned.
The adder poisons you!
You shoot an arrow. The arrow barely misses the adder.
You die...

..# ... ....
..... #....#
#....#####
#....S...###
#...h@#...#
#....h.###.#
#....###
#.#########
#(...#
#.........#
.....
#.........#
....
#.......>.#
...
#.........#
..#
#####....#####
......#..#


You could see an adder and 2 jackals.

Vanquished Creatures
  Jessica (D:2)
  3 endoplasms
  2 giant cockroaches (D:1)
  4 jackals
  A quokka (D:2)
  2 ball pythons (D:1)
  A kobold (D:1)
  A rat (D:1)
15 creatures vanquished.

Notes
Turn   | Place    | Note
-------+----------+-------------------------------------------
     0 | D:1      | qw the Deep Elf Hunter began the quest for the Orb.
     0 | D:1      | Reached XP level 1. HP: 12/12 MP: 3/3
     0 | D:1      | 0 ||| qw: Version: 0.3-a-155-g5e7d8dd
     0 | D:1      | 0 ||| qw: Game counter: 999
     0 | D:1      | 0 ||| qw: Melee chars always use a shield: true
     0 | D:1      | 0 ||| qw: God list: Okawaru
     0 | D:1      | 0 ||| qw: Allow faded altars: false
     0 | D:1      | 0 ||| qw: Do Orc after clearing Dungeon:15 true
     0 | D:1      | 0 ||| qw: Do second Lair branch before Depths: true
     0 | D:1      | 0 ||| qw: Lair rune preference: random
     0 | D:1      | 0 ||| qw: Goals: Normal
     0 | D:1      | 0 ||| PLANNING D:1-11
   387 | D:1      | Reached XP level 2. HP: 16/16 MP: 4/4
   390 | D:1      | Reached skill level 6 in Ranged Weapons
   716 | D:1      | 716 ||| UPGRADING to +0 ring mail.
   726 | D:1      | 726 ||| DROPPING +0 leather armour.
   727 | D:1      | 727 ||| READING 2 scrolls labelled YDINAUZ AMULOQ.
   727 | D:1      | 727 ||| IDENTIFYING clear potion
   728 | D:1      | 728 ||| READING scroll of identify.
   728 | D:1      | 728 ||| IDENTIFYING smoky blue potion
   729 | D:1      | 729 ||| READING scroll labelled VUGORADULI.
   730 | D:1      | 730 ||| READING 2 scrolls labelled DEKHLENU GYSOSCH.
   731 | D:1      | 731 ||| READING scroll labelled XYLORR BEKI.
   732 | D:1      | 732 ||| DROPPING scroll of butterflies.
   733 | D:1      | 733 ||| DROPPING scroll of noise.
   735 | D:1      | 735 ||| Stepping ~*~*~tactically~*~*~ (cloud).
   898 | D:2      | Noticed Jessica
   901 | D:2      | Killed Jessica
   902 | D:2      | Reached XP level 3. HP: 20/20 MP: 5/5
   949 | D:2      | HP: 5/20 [jackal (1)]
   950 | D:2      | HP: 2/20 [jackal (1)]
   951 | D:2      | Succumbed to an adder's poison

Levels and vault maps discovered:
D:1:      lemuel_arrival_tunnels, layout_loops_ring, serial_park_tiny_2,
          minmay_misc_feat_more_columns
D:2:      layout_rooms, serial_shops, nicolae_shop_pleasant_corner_grove,
          kennysheep_donut, minmay_fractal_squares_gapless_5, uniq_jessica

Skill      XL: |  1  2 |
---------------+-------+-----
Ranged Weapons | 6 |  6.9
Fighting       | |  1.5
Dodging        | |  2.4
Stealth        | |  1.2

Action                     || total
---------------------------++-------
   Fire: Shortbow          ||    44
    Use: Scroll            ||     5
 Armour: Leather armour    ||     1
         Ring mail         ||    15
  Dodge: Dodged            ||    13

Table legend:
 A = Non-vault XP
 B = Vault XP
 C = Vault XP percentage of total XP
 D = Non-vault monster count
 E = Vault monster count
 F = Vault count percentage of total count
                 A         B        C        D         E       F
            +---------+---------+-------+---------+---------+-------
      Total |      24 |      37 |  60.7 |      14 |       1 |   6.7
            +---------+---------+-------+---------+---------+-------
        D:1 |      18 |       0 |   0.0 |      11 |       0 |   0.0
        D:2 |       6 |      37 |  86.0 |       3 |       1 |  25.0
            +---------+---------+-------+---------+---------+-------
